 Dungeon Crawl Stone Soup version 0.31-a0-252-gc4385922b5 (webtiles) character file.

Game seed: 1347554446271544478

79 qw the Shooter (level 4, -1/36 HPs)
             Began as a Minotaur Hexslinger on July 12, 2023.
             Slain by Robin
             ... wielding a +5 heavy spear
              (8 damage)
             ... on level 3 of the Dungeon.
             The game lasted 00:00:45 (1595 turns).

qw the Shooter (Minotaur Hexslinger)                Turns: 1595, Time: 00:00:46

Health: -1/36      AC:  3    Str: 12    XL:     4   Next: 17%
Magic:  4/4        EV: 12    Int: 10    God:
Gold:   122        SH:  0    Dex: 15    Spells: 4/5 levels left

rFire   . . .        Y - +1 sling
rCold   . . .        (no shield)
rNeg    . . .        e - +0 leather armour
rPois   .            (helmet restricted)
rElec   .            (no cloak)
rCorr   .            (no gloves)
SInv    .            (no boots)
Will    .....        (no amulet)
Stlth   +            (no ring)
HPRegen 0.26/turn    (no ring)
MPRegen 0.09/turn

%: no passive effects
@: no status effects
A: horns 2, retaliatory headbutt
a: no special abilities


You were on level 3 of the Dungeon.
You visited 1 branch of the dungeon, and saw 3 of its levels.

You collected 122 gold pieces.


Innate Abilities, Weirdness & Mutations

You have a pair of horns on your head.
You reflexively headbutt those who attack you in melee.


   Skills:
 - Level 2.0 Fighting
 + Level 4.7 Ranged Weapons
 - Level 2.1 Dodging
 - Level 1.0 Spellcasting
 - Level 2.0 Hexes


You had 4 spell levels left.
You knew the following spells:

 Your Spells              Type           Power      Damage    Failure   Level
a - Slow                  Hex            16%        N/A       19%         1

Your spell library contained the following spells:

 Spells                   Type           Power      Damage    Failure   Level
 Inner Flame              Hex/Fire       2%         N/A       65%         3
 Portal Projectile        Hex/Tloc       4%         N/A       65%         3
 Cause Fear               Hex            2%         N/A       88%         4

Inventory:

Hand Weapons
 Y - a +1 sling (weapon)
Armour
 c - a +0 ring mail
 e - a +0 leather armour (worn)
Scrolls
 a - a scroll of identify
Potions
 b - a potion of brilliance {unknown}
 g - a potion of heal wounds {unknown}

Dungeon Overview and Level Annotations

Branches:
Dungeon (3/15)

Altars:
Gozag

Annotations:
D:3 Robin


Message History

The sling bullet hits the goblin.
The goblin is severely wounded.
The goblin barely misses you.
Robin roars a battlecry!
The goblins go into a battle-frenzy!
The hobgoblin hits you.
A hobgoblin comes into view.
You shoot a sling bullet.
The sling bullet closely misses the goblin.
The goblin hits you but does no damage. The hobgoblin barely misses you.
You shoot a sling bullet. The sling bullet hits the goblin.
You kill the goblin!
Robin points. "Kill!"
Robin closely misses you. The hobgoblin hits you.
You shoot a sling bullet.
The sling bullet closely misses the hobgoblin.
The goblin hits you with a +0 dagger.
The hobgoblin hits you but does no damage.
Robin throws the goblin at you! The goblin misses you. You furiously retaliate!
You headbutt the goblin.
You kill the goblin!
The hobgoblin hits you but does no damage.
The goblin closely misses you. You furiously retaliate!
You headbutt the goblin!
You kill the goblin!
You shoot a sling bullet. The sling bullet hits the hobgoblin.
You kill the hobgoblin!
Robin closely misses you.
You shoot a sling bullet.
The sling bullet closely misses the hobgoblin.
The sling bullet hits Robin.
Robin is moderately wounded.
Robin barely misses you.
You shoot a sling bullet. The sling bullet hits the hobgoblin.
You kill the hobgoblin!
Robin hits you from afar with a +5 heavy spear.
You shoot a sling bullet. The sling bullet hits the goblin.
The goblin is severely wounded.
You shoot a sling bullet. The sling bullet misses the goblin.
Robin hits you from afar with a +5 heavy spear!
You die...

########### ..........#
# ##.####.#.##########.#
#.# #.#......>...#.#
#.####.####.........
#>##...# ##.....#.#
##.##.#.# #........#
...##.### #.....)#.#
#.##...## #.....@g.#
#.#..~..###.##.##)#.....
#...~~~...#.##.# gg#####
###.%~..#......# .##
##...##...#### .#
##.##.#### .# #..#.. )#
#..... .. #.##..


You could see Robin, a hobgoblin (strong) and a goblin (strong).

Vanquished Creatures
  An adder (D:2)
  A worm (D:2)
  2 dart slugs
  8 endoplasms
  3 giant cockroaches
  12 goblins
  9 hobgoblins
  3 kobolds
  4 quokkas
  5 ball pythons (D:1)
  A bat (D:1)
  4 frilled lizards
  2 rats
55 creatures vanquished.

Notes
Turn   | Place    | Note
-------+----------+-------------------------------------------
     0 | D:1      | qw the Minotaur Hexslinger began the quest for the Orb.
     0 | D:1      | Reached XP level 1. HP: 16/16 MP: 1/1
     0 | D:1      | 0 ||| qw: Version: 0.3-a-52-g30416fa
     0 | D:1      | 0 ||| qw: Game counter: 6631
     0 | D:1      | 0 ||| qw: Melee chars always use a shield: true
     0 | D:1      | 0 ||| qw: God list: Okawaru
     0 | D:1      | 0 ||| qw: Allow faded altars: false
     0 | D:1      | 0 ||| qw: Do Orc after clearing Dungeon:15 true
     0 | D:1      | 0 ||| qw: Do second Lair branch before Depths: true
     0 | D:1      | 0 ||| qw: Lair rune preference: random
     0 | D:1      | 0 ||| qw: Goals: Normal
     0 | D:1      | 0 ||| PLANNING D:1-11
    31 | D:1      | 31 ||| FLEEEEING.
    32 | D:1      | 32 ||| FLEEEEING.
    33 | D:1      | 33 ||| FLEEEEING.
    34 | D:1      | 34 ||| FLEEEEING.
    35 | D:1      | 35 ||| FLEEEEING.
    36 | D:1      | 36 ||| FLEEEEING.
    37 | D:1      | 37 ||| FLEEEEING.
    38 | D:1      | 38 ||| FLEEEEING.
    39 | D:1      | 39 ||| FLEEEEING.
    95 | D:1      | Reached skill level 3 in Ranged Weapons
    95 | D:1      | Reached XP level 2. HP: 9/23 MP: 2/2
   110 | D:1      | 110 ||| FLEEEEING.
   364 | D:1      | Reached XP level 3. HP: 29/29 MP: 3/3
   720 | D:1      | 720 ||| UPGRADING to +0 leather armour.
   730 | D:1      | 730 ||| DROPPING +0 robe.
   731 | D:1      | 731 ||| READING 2 scrolls labelled IQOSSI ZUETUTHRAREU.
   732 | D:1      | 732 ||| READING scroll labelled MULEAT FYNUU.
   733 | D:1      | 733 ||| READING scroll labelled KELOKHU DEEHUQ.
   734 | D:1      | 734 ||| READING scroll labelled BECSYIFUJU.
   735 | D:1      | 735 ||| READING scroll labelled TURAPR PAADUBUI.
   736 | D:1      | 736 ||| DROPPING scroll of poison.
   765 | D:2      | 765 ||| STAIRDANCE
   933 | D:2      | Reached skill level 4 in Ranged Weapons
  1212 | D:2      | 1212 ||| FLEEEEING.
  1213 | D:2      | 1213 ||| FLEEEEING.
  1243 | D:2      | Found an opulent altar of Gozag.
  1541 | D:3      | Reached XP level 4. HP: 35/36 MP: 4/4
  1579 | D:3      | Noticed Robin
  1590 | D:3      | HP: 9/36 [Robin/goblin (3)]
  1595 | D:3      | Slain by Robin

Levels and vault maps discovered:
D:1:      minmay_arrival_stone_box, layout_basic, serial_forest,
          infiniplex_forest_end_2, infiniplex_forest_clump_cross,
          infiniplex_forest_fountain, infiniplex_forest_clump_medium,
          infiniplex_forest_straight_2, infiniplex_forest_straight_3,
          amethyst_killhole, minmay_tripent
D:2:      layout_basic, basic_altar
D:3:      layout_loops_ring, amcnicky_mini_pool_small, nicolae_titane,
          uniq_ijyb, uniq_crazy_yiuf_cottage, uniq_robin, uniq_jessica

Skill      XL: |  1  2  3 |
---------------+----------+-----
Ranged Weapons | 3 4 |  4.7
Fighting       | 2 |  2.0
Dodging        | |  2.1
Spellcasting   | |  1.0
Hexes          | |  2.0

Action                     |  1- 3 |  4- 6 || total
---------------------------+-------+-------++-------
   Fire: Sling             |   141 |    19 ||   160
    Use: Scroll            |     5 |       ||     5
 Armour: Robe              |     6 |       ||     6
         Leather armour    |     6 |     3 ||     9
  Dodge: Dodged            |    27 |    21 ||    48

Table legend:
 A = Non-vault XP
 B = Vault XP
 C = Vault XP percentage of total XP
 D = Non-vault monster count
 E = Vault monster count
 F = Vault count percentage of total count
                 A         B        C        D         E       F
            +---------+---------+-------+---------+---------+-------
      Total |      93 |      21 |  18.4 |      44 |      11 |  20.0
            +---------+---------+-------+---------+---------+-------
        D:1 |      51 |       4 |   7.3 |      29 |       2 |   6.5
        D:2 |      37 |       0 |   0.0 |      12 |       0 |   0.0
        D:3 |       5 |      17 |  77.3 |       3 |       9 |  75.0
            +---------+---------+-------+---------+---------+-------
